 Dungeon Crawl Stone Soup version 0.27.1-33-g824d729ab1 (webtiles) character file.

Game seed: 8437107015015640667

66 comborobin the Sneak (level 3, -6/18 (19) HPs)
             Began as a Spriggan Delver on Dec 27, 2021.
             Mangled by a wight (9 damage)
             ... on level 10 of the Dungeon.
             The game lasted 00:00:57 (148 turns).

comborobin the Sneak (Spriggan Delver)               Turns: 148, Time: 00:00:58

HP:   -6/18 (19)    AC:  2    Str:  9    XL:     3   Next: 96%
MP:   4/4           EV: 17    Int: 11    God:
Gold: 0             SH:  0    Dex: 16    Spells: 2/2 levels left

rFire    . . .     SeeInvis +   a - +0 short sword
rCold    . . .     Faith    .   (shield restricted)
rNeg     . . .     Spirit   .   b - +0 robe
rPois    .         Reflect  .   (helmet restricted)
rElec    .         Harm     .   (no cloak)
rCorr    .         Rampage  .   (gloves unavailable)
Will     .....                  (boots unavailable)
Stlth    ++++......             (no amulet)
HPRegen  0.06/turn              (no ring)
MPRegen  0.09/turn              (no ring)

@: drained, very quick
A: very small, no large weapons, unfitting armour, see invisible, speed 3
a: no special abilities


You were on level 10 of the Dungeon.
You visited 1 branch of the dungeon, and saw 6 of its levels.

Inventory:

Hand Weapons
 a - a +0 short sword (weapon)
Armour
 b - a +0 robe (worn)
Wands
 g - a wand of digging (3)
Scrolls
 c - a scroll of fog
 d - a scroll of magic mapping
 e - a scroll of fear
 h - a scroll of teleportation {unknown}
Potions
 f - a potion of haste
 i - a potion of lignification {unknown}
 j - a potion of attraction {unknown}


   Skills:
 - Level 2.4 Fighting
 + Level 4.3 Short Blades
 - Level 2.6 Dodging
 + Level 7.8 Stealth


You had 2 spell levels left.
You didn't know any spells.
Your spell library was empty.

Dungeon Overview and Level Annotations

Branches:
Dungeon (10/15)
 Temple: D:4-7         Lair: D:8-11         Orc: D:9-12

Altars:

Annotations:
D:6 Eustachio


Innate Abilities, Weirdness & Mutations

You are very small and have problems with some larger weapons.
You are too small for most types of armour.
You have supernaturally acute eyesight. (SInv)
You cover ground extremely quickly. (Speed+++)


Message History

i - a glowing pink potion
j - a bubbling grey potion
There is a stone staircase leading down here.
You climb downwards.
There is a stone staircase leading up here.
Found 11 bolts.
You see here 11 bolts.
You open the door. You open the door.
Found a stone staircase leading down.
There is a stone staircase leading down here.
You climb downwards.
There is a stone staircase leading up here.
Found a chain mail.
You see here a +0 chain mail.
Found a stone staircase leading down.
There is a stone staircase leading down here.
You climb downwards.
Found a stone staircase leading down.
There is a stone staircase leading up here.
The helpless wight fails to defend itself.
You impale the wight!!
You destroy the wight!
The wight misses you.
Your Short Blades skill increases to level 4!
You have reached level 3!
Your experience leads to an increase in your attributes!
Increase (S)trength, (I)ntelligence, or (D)exterity?
You feel stronger.
Things that are here:
a +0 long sword; a +0 robe
Found a scroll labelled LUZINO HOIPHOUCW.
The wight closely misses you.
The wight hits you with a +0 long sword!
Ouch! That really hurt!
You feel drained.
* * * LOW HITPOINT WARNING * * *
The wight hits you with a +0 long sword!
Ouch! That really hurt!
You die...

####+#########
#.)...@.......
#..z..z...?...
#.....>.......
#<......######
#..###### ####


You could see 2 wights.

Vanquished Creatures
  A wight (D:10)
  An iguana (D:6)
  An orc (D:7)
3 creatures vanquished.

Notes
Turn   | Place    | Note
-------+----------+-------------------------------------------
     0 | D:5      | comborobin the Spriggan Delver began the quest for the Orb.
     0 | D:5      | Reached XP level 1. HP: 11/11 MP: 2/2
     1 | D:6      | Noticed an iguana
     2 | D:6      | Killed an iguana
     3 | D:6      | Reached XP level 2. HP: 16/16 MP: 3/3
    14 | D:6      | Noticed an ice beast
    15 | D:6      | Noticed Eustachio
    15 | D:6      | Noticed a bullfrog
   140 | D:10     | Entered Level 10 of the Dungeon
   140 | D:10     | Noticed a wight
   140 | D:10     | Noticed a wight
   140 | D:10     | Noticed a wight
   143 | D:10     | Killed a wight
   144 | D:10     | Reached XP level 3. HP: 18/19 MP: 4/4
   148 | D:10     | Mangled by a wight

Illustrated notes

Levels and vault maps discovered:
D:5:      layout_rooms, minivault_19, corexii_checkpoint_a,
          minmay_shop_grid_forest, uniq_duvessa
D:6:      layout_loops_ring, gammafunk_temple_overflow_pools,
          chequers_serial_rivers_micro_d, uniq_edmund, uniq_menkaure,
          uniq_eustachio
D:7:      layout_loops_ring, nicolae_qazlal_scattered_showers,
          minmay_temple_entry_ruins
D:8:      layout_basic, serial_park_tiny_1, nicolae_water_bricks,
          minmay_misc_feat_doors, roderic_lattice_a, st_stairs_6,
          kennysheep_pointless_box
D:9:      layout_long_grid, mainiacjoe_overflow_surrounded_room
D:10:     layout_irregular_city, erik_lair_orcish_takeover, erik_orc_1,
          uniq_erolcha, uniq_maurice

Skill      XL: |  1  2 |
---------------+-------+-----
Short Blades   | 3 4 |  4.3
Fighting       | |  2.4
Dodging        | |  2.6
Stealth        | |  7.8

Action                   || total
-------------------------++-------
Melee: Short sword       ||    16
 Stab: Sleeping          ||     2
Armor: Robe              ||     1
Dodge: Dodged            ||    10
